Unix NetHack Version 5.0.0-0 post-release - last build May 31 2026 23:59:36 (970b52f25bf058293b47ddfd14a1e40e571c508c,branch:main).

Game began 2026-06-07 21:50:43, ended 2026-06-07 22:10:44.

Jobair, lawful female dwarven Archeologist

                                                 -------
                                                --..|..|
                                                .......|
                                                ......--
                                                ......--
                                             ..--..).).|
                                            -..--......|
                                            ...........|                  .-
                                           --..........|                 ...--
                                          --`.....--...|                 ...@--
                                        ---......-------                 .....|
                                   ..............------------------------....--
                                   .........^...-...........................--
                                   --.............----------------------....-
                                    --.^...<....---
                                     --........--
                                      --.|.....|
                                       ----....|
                                          |...--
                                          -----

Jobair the Field Worker    St:12 Dx:13 Co:13 In:15 Wi:16 Ch:8  Lawful
Dlvl:3  $:168 HP:0(24) Pw:13(13) AC:3  Xp:3 T:1302  Blind Deaf

Latest messages:
 Godzilla bites the gnome.
 The gnome is killed!
 Godzilla eats a gnome corpse.
 Godzilla misses the gnome.
 Godzilla misses the gnome.
 Godzilla bites the gnome.
 The gnome is killed!
 There is a gnome corpse here; eat it? [ynq] (n) y
 This gnome corpse is gamey.
 You finish eating the gnome corpse.
 J - 13 arrows.
 You have a little trouble lifting a bow.  Continue? [ynq] (q) n
 What do you want to drop?
 You drop 13 arrows.
 Godzilla drops an arrow.
 You see here a cubical amulet.
 K - a cubical amulet.
 You see here 4 partly used candles (lit).
 You are momentarily blinded by a flash of light!
 You hear a deafening roar!
 You feel an unseen monster!
 It hits!
 It bites!
 You lash it.
 You miss it.
 It bites!
 You avoid harm.
 It just misses!
 It misses!
 You lash it.
 You feel hemmed in.
 It bites!
 It bites!
 It bites!
 Wait!  There's something there you can't see!
 You lash it.
 It bites!
 It bites!
 It bites!
 It bites!
 It bites!
 You miss it.
 You lash it.
 It bites!
 You die...
 Do you want your possessions identified? [ynq] (y) y
 Do you want to see your attributes? [ynq] (y) y
 Do you want an account of creatures vanquished? [ynaq] (y) y
 Do you want to see your conduct and achievements? [ynq] (y) y
 Do you want to see the dungeon overview? [ynq] (y) y

Inventory:
 Coins    ('$')
  $ - 168 gold pieces
 Amulets  ('"')
  K - an uncursed amulet of life saving
 Weapons  (')')
  w - 8 blessed +1 darts
  F - a +0 dagger
  a - a +2 bullwhip (weapon in left hand)
 Armor    ('[')
  c - an uncursed +0 fedora (being worn)
  q - an uncursed +0 pair of speed boots (being worn)
  s - an uncursed +0 shield of shock resistance (being worn)
  G - an uncursed +0 dwarvish cloak (being worn)
  B - an uncursed +0 elven mithril-coat (being worn)
 Comestibles  ('%')
  d - 5 uncursed food rations
  H - a cursed food ration
 Scrolls  ('?')
  m - an uncursed scroll of food detection
  k - a cursed scroll of teleportation
 Rings    ('=')
  v - an uncursed ring of stealth
 Wands    ('/')
  n - a wand of make invisible (0:5)
  I - a blessed wand of undead turning (0:3)
 Tools    ('(')
  b - an uncursed sack containing 1 item
  r - a magic flute (0:4)
  C - an uncursed lock pick
  i - an uncursed tin opener
  f - a tinning kit (0:68)
 Gems/Stones  ('*')
  E - an uncursed worthless piece of red glass
  p - an uncursed luckstone
  g - an uncursed touchstone

Contents of the sack:
  a +0 pick-axe

Jobair the Archeologist's attributes:

Background:
 You were a Field Worker, a level 3 female dwarven Archeologist.
 You were lawful, nominally on a mission for Quetzalcoatl
 who was opposed by Camaxtli (neutral) and Huhetotl (chaotic).
 You were left-handed.
 You were in the Gnomish Mines, on level 3.
 You entered the dungeon 1302 turns ago.
 It was nighttime.
 You had 46 experience points, 34 more were needed to attain level 4.

Basics:
 You had 0 out of 24 hit points.
 You had all 13 energy points (spell power).
 Your armor class was 3.
 Your wallet contained 168 zorkmids.
 Autopickup was off.

Final Characteristics:
 Your strength was 12 (limit:18/100).
 Your dexterity was 13 (limit:20).
 Your constitution was 13 (limit:20).
 Your intelligence was 15 (limit:16).
 Your wisdom was 16 (limit:16).
 Your charisma was 8 (limit:16).

Final Status:
 You were temporarily blind.
 You were deaf.
 You weren't hungry.
 You were unencumbered.
 You were wielding a whip.
 You had basic skill with whip.

Final Attributes:
 You were devoutly aligned.
 Your items were somewhat protected from fire.
 Your items were somewhat protected from cold.
 You were shock resistant.
 Your items were protected from electric shocks.
 You had automatic searching.
 You had infravision.
 You were guarded.
 You were very fast.
 You were lucky.
 You had extra luck.
 Bad luck did not time out for you.
 Good luck did not time out for you.
 You are dead.

Miscellaneous:
 You encountered 1 bones level.
 Total elapsed playing time was 20 minutes.

Major events:
 Turn
    1: Jobair the lawful female dwarven Archeologist entered the dungeon
  654: entered the Gnomish Mines
 1104: attained the rank of Field Worker (level 3)
 1302: killed by a rabid rat

You didn't know any spells.

Skills:
 Fighting Skills
   bare handed combat [Unskilled]
   two weapon combat  [Unskilled]
   riding             [Unskilled]
 Weapon Skills
   dagger             [Unskilled]
   knife              [Unskilled]
   pick-axe           [Basic]
   short sword        [Unskilled]
   saber              [Unskilled]
   club               [Unskilled]
   quarterstaff       [Unskilled]
   sling              [Unskilled]
   dart               [Unskilled]
   boomerang          [Unskilled]
   whip               [Basic]
   unicorn horn       [Unskilled]
 Spellcasting Skills
   attack spells      [Unskilled]
   healing spells     [Unskilled]
   divination spells  [Unskilled]
   matter spells      [Unskilled]

Voluntary challenges:
 Character rerolling was not enabled.
 You were an atheist.
 You never genocided any monsters.
 You never polymorphed an object.
 You never changed form.
 You used no wishes.
Achievements:
 You entered a shop.
 You entered the Gnomish Mines.
 You attained the rank of Field Worker.

 The Dungeons of Doom: levels 1 to 4
    Level 1:
       Many fountains, a grave.
    Level 2:
       A general store.
       Stairs down to The Gnomish Mines.
    Level 3:
       A general store, a fountain.
    Level 4:
       A grave.
       Final resting place for
          pots164-Kni-Hum-Fem-Law, slipped while mounting a saddled pony,
          pots164-Kni-Hum-Mal-Law, slipped while mounting a saddled pony.
 The Gnomish Mines:
    Level 3: <- You were here.
       Final resting place for
          you, killed by a rabid rat.


Vanquished creatures:
  a dwarf
 an acid blob
  a hobbit
  a giant rat
  2 gnomes
  a gecko
  2 jackals
  a fox
  a sewer rat
  5 grid bugs
  2 bats
  3 lichens
  a kobold zombie
  3 newts
25 creatures vanquished.

No species were genocided or became extinct.

Game over:
                       ----------
                      /          \
                     /    REST    \
                    /      IN      \
                   /     PEACE      \
                  /                  \
                  |      Jobair      |
                  |      168 Au      |
                  |   killed by a    |
                  |    rabid rat     |
                  |                  |
                  |                  |
                  |       2026       |
                 *|     *  *  *      | *
        _________)/\\_//(\/(/\)/\//\/|_)_______

Goodbye Jobair the Archeologist...

You died in The Gnomish Mines on dungeon level 3 with 486 points,
and 168 pieces of gold, after 1302 moves.
You were level 3 with a maximum of 24 hit points when you died.

